 Dungeon Crawl Stone Soup version 0.21-a0-401-g0b6bec4 (webtiles) character file.

2707 tidbits the Magician (level 9, -10/71 HPs)
             Began as a Gnoll Skald on Oct 21, 2017.
             Was a Believer of Cheibriados.
             Mangled by a tengu warrior
             ... wielding a +3 battleaxe
             ... led by a tengu warrior
              (16 damage)
             ... on level 9 of the Dungeon.
             The game lasted 00:18:12 (1914 turns).

tidbits the Magician (Gnoll Skald)                  Turns: 1914, Time: 00:18:13

Health: -10/71     AC:  7    Str: 20    XL:     9   Next: 66%
Magic:  10/19      EV: 16    Int: 25    God:    Cheibriados [**....]
Gold:   394        SH:  0    Dex: 20    Spells: 10/21 levels left

rFire    . . .     SeeInvis .   a - +0 war axe
rCold    . . .     Gourm    .   (no shield)
rNeg     . . .     Faith    .   B - +0 ring mail (curse)
rPois    .         Spirit   .   (no helmet)
rElec    .         Reflect  .   (no cloak)
rCorr    .         Harm     .   (no gloves)
MR       +....                  F - +0 pair of boots
Stlth    ++........             (no amulet)
HPRegen  0.21/turn              u - ring of protection from magic
MPRegen  0.16/turn              (no ring)

@: very slow
A: distributed training, fangs 1, strong nose
a: Bend Time, Renounce Religion


You were on level 9 of the Dungeon.
You worshipped Cheibriados.
Cheibriados was pleased with you.
You were not hungry.

You visited 2 branches of the dungeon, and saw 10 of its levels.

You collected 394 gold pieces.

Inventory:

Hand Weapons
 a - a +0 war axe (weapon)
 b - a +2 whip of venom
   (You took it off a kobold on level 1 of the Dungeon)
 r - a +0 hand axe
Missiles
 g - 55 arrows
 j - 50 stones (quivered)
 o - 4 poisoned tomahawks
 s - 8 tomahawks
 I - 23 sling bullets
Armour
 p - a +0 leather armour
 v - a +0 shield
 B - a cursed +0 ring mail (worn)
 F - a +0 pair of boots (worn)
 J - a +0 pair of boots
Magical Staves
 y - an uncursed staff of power {unknown}
   (You found it on level 3 of the Dungeon)
Jewellery
 u - a ring of protection from magic (left hand)
   (You found it on level 4 of the Dungeon)
 D - an uncursed ring of ice
   (You found it on level 6 of the Dungeon)
Wands
 q - a wand of iceblast (4/15)
 E - a wand of disintegration (8/24)
 K - a wand of digging (13/24)
 N - a wand of lightning (2/15)
Scrolls
 e - a scroll of immolation {unknown}
 f - 2 scrolls of fog {unknown}
 h - a scroll of noise {unknown}
 i - 2 scrolls of blinking {unknown}
 k - 4 scrolls of enchant armour
 m - a scroll of fear
 w - 4 scrolls of teleportation {unknown}
 x - a scroll of enchant weapon {unknown}
 A - a scroll of remove curse {unknown}
 C - a scroll of random uselessness {unknown}
 G - a scroll of magic mapping {unknown}
Potions
 l - a potion of invisibility
 n - a potion of degeneration
 t - 2 potions of curing
 H - a potion of agility {unknown}
 M - a potion of brilliance {unknown}
Books
 c - a book of Battle

   Spells                             Type                      Level
   a - Infusion                       Charms                       1
   b - Shroud of Golubria             Charms/Translocation         2
   c - Song of Slaying                Charms                       2
   d - Spectral Weapon                Hexes/Charms                 3
   e - Regeneration                   Charms/Necromancy            3
Comestibles
 d - 4 bread rations
 z - 5 royal jellies
 L - 2 fruits


   Skills:
 + Level 6.4 Fighting
 + Level 4.3 Short Blades
 + Level 4.3 Long Blades
 + Level 6.4 Axes
 + Level 4.3 Maces & Flails
 + Level 4.3 Polearms
 + Level 4.3 Staves
 + Level 4.3 Slings
 + Level 4.3 Bows
 + Level 4.3 Crossbows
 + Level 4.3 Throwing
 + Level 5.1 Armour
 + Level 6.4 Dodging
 + Level 4.3 Stealth
 + Level 4.3 Shields
 + Level 4.3 Unarmed Combat
 + Level 6.7 Spellcasting
 + Level 3.6 Conjurations
 + Level 3.6 Hexes
 + Level 6.6 Charms
 + Level 3.6 Summonings
 + Level 3.6 Necromancy
 + Level 3.6 Translocations
 + Level 3.6 Transmutations
 + Level 3.6 Fire Magic
 + Level 3.6 Ice Magic
 + Level 3.6 Air Magic
 + Level 3.6 Earth Magic
 + Level 3.6 Poison Magic
 + Level 4.8 Invocations
 + Level 4.3 Evocations


You had 10 spell levels left.
You knew the following spells:

 Your Spells              Type           Power        Failure   Level  Hunger
g - Shroud of Golubria    Chrm/Tloc      ####......   1%          2    None
i - Infusion              Chrm           ####         1%          1    None
r - Regeneration          Chrm/Necr      ####......   4%          3    None
w - Spectral Weapon       Hex/Chrm       ####....     4%          3    None
y - Song of Slaying       Chrm           #####...     1%          2    None


Dungeon Overview and Level Annotations

Branches:
Dungeon (9/15)             Temple (1/1) D:4
   Lair: D:8-11         Orc: D:9-12

Altars:
Ashenzari
Cheibriados
Elyvilon
Fedhas
Gozag
Hepliaklqana
Kikubaaqudgha
Makhleb
Nemelex Xobeh
Okawaru
Ru
Sif Muna
Trog
Uskayaw
Wu Jian
Xom
Yredelemnul
Zin
The Shining One


Innate Abilities, Weirdness & Mutations

Your experience applies equally to all skills.
You have very sharp teeth.
Your uncanny sense of smell can sniff out nearby items.


Message History

Something hits you!
* * * LOW HITPOINT WARNING * * *
Unknown command.
Evoke which item? (* to show all) (? for menu, Esc to quit)
Okay, then.
Evoke which item? (* to show all) (? for menu, Esc to quit)
Aiming: Disintegrate
Press: ? - help, Shift-Dir - straight line, f - you Cheibriados thoroughly appreciates the change of pace.
Your Armour skill increases to level 5!
You feel a bit more experienced.
Nothing appears to happen.
This wand has 10 charges left.
Your skin stops crawling.
There is an open door here.
You see here a fruit.
L - a fruit You see here a royal jelly.
z - 4 royal jellies (gained 1)
Your spectral weapon fades away.
You see here a fruit.
L - 2 fruits (gained 1)
You see here a royal jelly.
z - 5 royal jellies (gained 1)
You open the door.
A centaur skeleton comes into view.
Found a bread ration.
Casting: Spectral Weapon
Confirm with . or Enter, or press ? or * to list all spells.
You draw out your weapon's spirit!
The centaur skeleton hits you but does no damage.
The centaur skeleton hits you.
* * * LOW HITPOINT WARNING * * *
You hit the centaur skeleton. You bite the centaur skeleton.
The centaur skeleton is moderately damaged.
Your spectral weapon hits the centaur skeleton!
The centaur skeleton hits you but does no damage.
You slash the centaur skeleton!
You destroy the centaur skeleton!
Cheibriados thoroughly appreciates the change of pace.
You swap places.
There is an open door here.
You see here a bread ration.
d - 4 bread rations (gained 1)
Casting: Spectral Weapon
Confirm with . or Enter, or press ? or * to list all spells.
Your skin crawls.
You swap places.
There is an open door here.
There is an open door here.
Your skin is crawling a little less now.
A tengu warrior comes into view. It is wielding an enchanted battleaxe.
Unknown command.
Evoke which item? (* to show all) (? for menu, Esc to quit)
Okay, then.
Okay, then.
Evoke which item? (* to show all) (? for menu, Esc to quit)
Aiming: Disintegrate
Press: ? - help, Shift-Dir - straight line, f - tengu warrior
Aim: a tengu warrior, wielding an enchanted battleaxe and wearing a ring mail (chance to defeat MR: 67%)
The tengu warrior is blasted.
This wand has 9 charges left.
Your skin stops crawling.
Evoke which item? (* to show all) (? for menu, Esc to quit)
Aiming: Disintegrate
Press: ? - help, Shift-Dir - straight line, f/p - tengu warrior
Aim: a tengu warrior, wielding an enchanted battleaxe and wearing a ring mail (moderately wounded, chance to defeat MR: 67%)
The tengu warrior is blasted.
This wand has 8 charges left.
You miss the tengu warrior.
The tengu warrior is severely wounded.
Your spectral weapon fades away.
The tengu warrior hits you with an enchanted battleaxe.
The tengu warrior pecks you. The tengu warrior claws you.
* * * LOW HITPOINT WARNING * * *
The tengu warrior hits you with an enchanted battleaxe!
* * * LOW HITPOINT WARNING * * *
The tengu warrior closely misses you. The tengu warrior barely misses you.
Casting: Regeneration
Confirm with . or Enter, or press ? or * to list all spells.
You draw out your weapon's spirit!
The tengu warrior hits you with an enchanted battleaxe.
* * * LOW HITPOINT WARNING * * *
The tengu warrior hits your spectral weapon with an enchanted battleaxe!
Your spectral weapon shares its damage with you!
* * * LOW HITPOINT WARNING * * *
The tengu warrior pecks you.
* * * LOW HITPOINT WARNING * * *
The tengu warrior claws you but does no damage.
You hit the tengu warrior. You bite the tengu warrior.
The tengu warrior is severely wounded.
Your spectral weapon hits the tengu warrior but does no damage.
The tengu warrior completely misses you.
The tengu warrior hits your spectral weapon with an enchanted battleaxe!
Your spectral weapon shares its damage with you!
* * * LOW HITPOINT WARNING * * *
The tengu warrior misses you. The tengu warrior claws you.
* * * LOW HITPOINT WARNING * * *
You hit the tengu warrior.
The tengu warrior is severely wounded.
Your spectral weapon misses the tengu warrior.
The tengu warrior hits you with an enchanted battleaxe!
You die...

########.........).#
#........[..#
#...........##
+.............
#.............
..####'#########
..............# ########
............#####.#.'..#
####........@#.#.#..#..#
####.....Q.†..#..#..#
#....(##.#.#..##'#
#.....#####.#.#..#
#...... ########
#..##### ###


You could see a tengu warrior and a friendly spectral war axe.

Vanquished Creatures
  An unseen horror (D:9)
  A hippogriff (D:8)
  A hungry ghost (D:9)
  A water moccasin (D:6)
  A sky beast (D:9)
  An ice beast (D:5)
  A black bear (D:8)
  2 orc warriors (D:6)
  2 ogres
  4 bullfrogs
  A wyvern skeleton (D:6)
  A scorpion (D:5)
  2 howler monkeys
  A crimson imp (D:8)
  A bullfrog zombie (D:6)
  A quasit (D:7)
  A hound (D:6)
  A jelly (D:6)
  5 centaur skeletons (D:9)
  3 orc priests
  An orc wizard (D:6)
  A bullfrog skeleton (D:7)
  2 iguanas
  4 worker ants
  3 adders
  2 oozes
  An adder skeleton (D:4)
  A worm (D:3)
  A dart slug (D:4)
  A leopard gecko (D:1)
  13 orcs
  5 bats
  5 giant cockroaches
  4 goblins
  6 hobgoblins
  A ball python (D:1)
  A frilled lizard (D:1)
  A jackal skeleton (D:4)
  3 kobolds
  5 rats
93 creatures vanquished.

Vanquished Creatures (others)
  An orc (D:9)
  2 spectral weapons
3 creatures vanquished.

Grand Total: 96 creatures vanquished

Notes
Turn   | Place    | Note
-------+----------+-------------------------------------------
     0 | D:1      | tidbits the Gnoll Skald began the quest for the Orb.
     0 | D:1      | Reached XP level 1. HP: 20/20 MP: 6/6
    57 | D:1      | Reached XP level 2. HP: 25/26 MP: 0/7
    62 | D:1      | Learned a level 2 spell: Song of Slaying
    65 | D:1      | Learned a level 2 spell: Shroud of Golubria
   219 | D:1      | Reached XP level 3. HP: 24/31 MP: 0/9
   224 | D:1      | Learned a level 3 spell: Regeneration
   228 | D:1      | Learned a level 3 spell: Spectral Weapon
   280 | D:2      | Reached skill level 5 in Spellcasting
   389 | D:4      | Reached skill level 1 in Invocations
   410 | D:4      | Found a staircase to the Ecumenical Temple.
   421 | Temple   | Entered the Ecumenical Temple
   502 | Temple   | Became a worshipper of Cheibriados the Contemplative
   677 | D:3      | Reached skill level 1 in Short Blades
   677 | D:3      | Reached skill level 1 in Long Blades
   677 | D:3      | Reached skill level 1 in Maces & Flails
   677 | D:3      | Reached skill level 1 in Polearms
   677 | D:3      | Reached skill level 1 in Staves
   677 | D:3      | Reached skill level 1 in Slings
   677 | D:3      | Reached skill level 1 in Bows
   677 | D:3      | Reached skill level 1 in Crossbows
   677 | D:3      | Reached skill level 1 in Throwing
   677 | D:3      | Reached skill level 1 in Stealth
   677 | D:3      | Reached skill level 1 in Shields
   677 | D:3      | Reached skill level 1 in Unarmed Combat
   677 | D:3      | Reached skill level 1 in Evocations
   677 | D:3      | Reached XP level 4. HP: 30/38 MP: 1/11
   766 | D:2      | Found an ornate altar of the Wu Jian Council.
   803 | D:2      | Reached skill level 1 in Conjurations
   803 | D:2      | Reached skill level 1 in Hexes
   803 | D:2      | Reached skill level 1 in Summonings
   803 | D:2      | Reached skill level 1 in Necromancy
   803 | D:2      | Reached skill level 1 in Translocations
   803 | D:2      | Reached skill level 1 in Transmutations
   803 | D:2      | Reached skill level 1 in Fire Magic
   803 | D:2      | Reached skill level 1 in Ice Magic
   803 | D:2      | Reached skill level 1 in Air Magic
   803 | D:2      | Reached skill level 1 in Earth Magic
   803 | D:2      | Reached skill level 1 in Poison Magic
   848 | D:3      | Reached XP level 5. HP: 23/43 MP: 9/12
   897 | D:5      | Entered Level 5 of the Dungeon
   928 | D:5      | Reached skill level 3 in Armour
   974 | D:6      | Noticed a water moccasin
   975 | D:6      | Reached * piety under Cheibriados
   976 | D:6      | Noticed an orc warrior
   984 | D:6      | Killed a water moccasin
   984 | D:6      | Reached skill level 2 in Invocations
   984 | D:6      | Reached XP level 6. HP: 33/50 MP: 4/13
   990 | D:6      | Killed an orc warrior
   990 | D:6      | Reached skill level 5 in Fighting
   990 | D:6      | Reached skill level 2 in Short Blades
   990 | D:6      | Reached skill level 2 in Long Blades
   990 | D:6      | Reached skill level 5 in Axes
   990 | D:6      | Reached skill level 2 in Maces & Flails
   990 | D:6      | Reached skill level 2 in Polearms
   990 | D:6      | Reached skill level 2 in Staves
   990 | D:6      | Reached skill level 2 in Slings
   990 | D:6      | Reached skill level 2 in Bows
   990 | D:6      | Reached skill level 2 in Crossbows
   990 | D:6      | Reached skill level 2 in Throwing
   990 | D:6      | Reached skill level 5 in Dodging
   990 | D:6      | Reached skill level 2 in Stealth
   990 | D:6      | Reached skill level 2 in Shields
   990 | D:6      | Reached skill level 2 in Unarmed Combat
   990 | D:6      | Reached skill level 2 in Evocations
   993 | D:6      | Reached XP level 7. HP: 47/56 MP: 6/15
  1124 | D:6      | Reached skill level 2 in Conjurations
  1124 | D:6      | Reached skill level 2 in Hexes
  1124 | D:6      | Reached skill level 2 in Summonings
  1124 | D:6      | Reached skill level 2 in Necromancy
  1124 | D:6      | Reached skill level 2 in Translocations
  1124 | D:6      | Reached skill level 2 in Transmutations
  1124 | D:6      | Reached skill level 2 in Fire Magic
  1124 | D:6      | Reached skill level 2 in Ice Magic
  1124 | D:6      | Reached skill level 2 in Air Magic
  1124 | D:6      | Reached skill level 2 in Earth Magic
  1124 | D:6      | Reached skill level 2 in Poison Magic
  1139 | D:6      | Reached skill level 3 in Invocations
  1194 | D:6      | Reached skill level 6 in Charms
  1194 | D:6      | Reached XP level 8. HP: 12/63 MP: 2/16
  1282 | D:6      | Found a shimmering altar of Xom.
  1339 | D:5      | Reached skill level 3 in Short Blades
  1339 | D:5      | Reached skill level 3 in Long Blades
  1339 | D:5      | Reached skill level 3 in Maces & Flails
  1339 | D:5      | Reached skill level 3 in Polearms
  1339 | D:5      | Reached skill level 3 in Staves
  1339 | D:5      | Reached skill level 3 in Slings
  1339 | D:5      | Reached skill level 3 in Bows
  1339 | D:5      | Reached skill level 3 in Crossbows
  1339 | D:5      | Reached skill level 3 in Throwing
  1339 | D:5      | Reached skill level 4 in Armour
  1339 | D:5      | Reached skill level 3 in Stealth
  1339 | D:5      | Reached skill level 3 in Shields
  1339 | D:5      | Reached skill level 3 in Unarmed Combat
  1339 | D:5      | Reached skill level 3 in Evocations
  1378 | D:5      | Reached ** piety under Cheibriados
  1531 | D:7      | Reached skill level 6 in Spellcasting
  1591 | D:8      | Noticed a hippogriff
  1615 | D:8      | Killed a hippogriff
  1742 | D:7      | Reached skill level 4 in Invocations
  1744 | D:7      | Reached skill level 3 in Conjurations
  1744 | D:7      | Reached skill level 3 in Hexes
  1744 | D:7      | Reached skill level 3 in Summonings
  1744 | D:7      | Reached skill level 3 in Necromancy
  1744 | D:7      | Reached skill level 3 in Translocations
  1744 | D:7      | Reached skill level 3 in Transmutations
  1744 | D:7      | Reached skill level 3 in Fire Magic
  1744 | D:7      | Reached skill level 3 in Ice Magic
  1744 | D:7      | Reached skill level 3 in Air Magic
  1744 | D:7      | Reached skill level 3 in Earth Magic
  1744 | D:7      | Reached skill level 3 in Poison Magic
  1762 | D:7      | Reached skill level 6 in Fighting
  1762 | D:7      | Reached skill level 6 in Axes
  1762 | D:7      | Reached skill level 6 in Dodging
  1762 | D:7      | Reached XP level 9. HP: 46/69 MP: 13/18
  1857 | D:9      | Reached skill level 4 in Short Blades
  1857 | D:9      | Reached skill level 4 in Long Blades
  1857 | D:9      | Reached skill level 4 in Maces & Flails
  1857 | D:9      | Reached skill level 4 in Polearms
  1857 | D:9      | Reached skill level 4 in Staves
  1857 | D:9      | Reached skill level 4 in Slings
  1857 | D:9      | Reached skill level 4 in Bows
  1857 | D:9      | Reached skill level 4 in Crossbows
  1857 | D:9      | Reached skill level 4 in Throwing
  1857 | D:9      | Reached skill level 4 in Stealth
  1857 | D:9      | Reached skill level 4 in Shields
  1857 | D:9      | Reached skill level 4 in Unarmed Combat
  1857 | D:9      | Reached skill level 4 in Evocations
  1878 | D:9      | Killed an unseen horror
  1878 | D:9      | Reached skill level 5 in Armour
  1907 | D:9      | Noticed a tengu warrior
  1913 | D:9      | HP: 6/71 [tengu warrior/enchanted battleaxe[a tengu warrior] (3)]
  1914 | D:9      | Mangled by a tengu warrior

Vault maps used:
D:1:      lightli_molten_gateway, minmay_misc_feat_four_crosses,
          minmay_tetromino_o2
D:2:      old_standard_altar
D:4:      temple_fountains, first_bread, solitary_fountain
D:5:      st_stairs_13
D:6:      lemuel_round_altar
D:7:      serial_shops, kennysheep_little_box
D:9:      fiery_altar_vehumet, nicolae_dithmenos_the_darkroom, kennysheep_mini,
          minmay_orc_entry_guard_dogs, hangedman_tell_no_tales
Temple:   minmay_crystal_spiral_temple

Skill      XL: |  1  2  3  4  5  6  7  8  9 |
---------------+----------------------------+-----
Spellcasting   | 5 6 |  6.7
Invocations    | 1 2 3 4 |  4.8
Short Blades   | 1 2 3 4 |  4.3
Long Blades    | 1 2 3 4 |  4.3
Maces & Flails | 1 2 3 4 |  4.3
Polearms       | 1 2 3 4 |  4.3
Staves         | 1 2 3 4 |  4.3
Slings         | 1 2 3 4 |  4.3
Bows           | 1 2 3 4 |  4.3
Crossbows      | 1 2 3 4 |  4.3
Throwing       | 1 2 3 4 |  4.3
Stealth        | 1 2 3 4 |  4.3
Shields        | 1 2 3 4 |  4.3
Unarmed Combat | 1 2 3 4 |  4.3
Evocations     | 1 2 3 4 |  4.3
Conjurations   | 1 2 3 |  3.6
Hexes          | 1 2 3 |  3.6
Summonings     | 1 2 3 |  3.6
Necromancy     | 1 2 3 |  3.6
Translocations | 1 2 3 |  3.6
Transmutations | 1 2 3 |  3.6
Fire Magic     | 1 2 3 |  3.6
Ice Magic      | 1 2 3 |  3.6
Air Magic      | 1 2 3 |  3.6
Earth Magic    | 1 2 3 |  3.6
Poison Magic   | 1 2 3 |  3.6
Armour         | 3 4 5 |  5.1
Fighting       | 5 6 |  6.4
Axes           | 5 6 |  6.4
Dodging        | 5 6 |  6.4
Charms         | 6 |  6.6

Action                   |  1- 3 |  4- 6 |  7- 9 || total
-------------------------+-------+-------+-------++-------
Melee: Hand axe          |    42 |       |       ||    42
       Bite              |     5 |     2 |    23 ||    30
       War axe           |    12 |    35 |    86 ||   133
       Whip              |       |       |    27 ||    27
       Punch             |       |       |     3 ||     3
Throw: Stone             |     1 |       |       ||     1
 Cast: Infusion          |     7 |       |       ||     7
       Spectral Weapon   |     5 |     6 |    18 ||    29
       Regeneration      |     1 |     2 |    13 ||    16
       Song of Slaying   |       |       |     4 ||     4
       Shroud of Golubri |       |       |     1 ||     1
Evoke: Wand              |       |       |     5 ||     5
  Use: Potion            |       |     2 |       ||     2
       Scroll            |       |     5 |     2 ||     7
 Stab: Sleeping          |     1 |       |     1 ||     2
       Distracted        |       |     1 |     3 ||     4
  Eat: Royal jelly       |     1 |       |       ||     1
       Chunk             |       |       |     2 ||     2
       Meat ration       |       |       |     1 ||     1
       Fruit             |       |       |     1 ||     1
Armor: Leather armour    |    10 |     7 |       ||    17
       Skin              |       |    26 |       ||    26
       Ring mail         |       |     2 |    43 ||    45
Dodge: Dodged            |    49 |    37 |    82 ||   168

Table legend:
 A = Spawn XP
 B = Non-spawn XP
 C = Spawn XP percentage of total XP
 D = Spawn monster count
 E = Non-spawn monster count
 F = Spawn count percentage of total count
 G = Total turns spent on level
                    A         B        C        D         E        F      G
               +---------+---------+-------+---------+---------+-------+---------
         Total |       0 |    3868 |   0.0 |       0 |      93 |   0.0 |  1914
               +---------+---------+-------+---------+---------+-------+---------
           D:1 |       0 |      36 |   0.0 |       0 |      19 |   0.0 |   276
           D:2 |       0 |       7 |   0.0 |       0 |       4 |   0.0 |   128
           D:3 |       0 |     135 |   0.0 |       0 |      18 |   0.0 |   195
           D:4 |       0 |      45 |   0.0 |       0 |       4 |   0.0 |   135
           D:5 |       0 |     337 |   0.0 |       0 |       6 |   0.0 |   237
           D:6 |       0 |     982 |   0.0 |       0 |      17 |   0.0 |   343
           D:7 |       0 |     339 |   0.0 |       0 |       8 |   0.0 |   200
           D:8 |       0 |     527 |   0.0 |       0 |       7 |   0.0 |   109
           D:9 |       0 |    1460 |   0.0 |       0 |      10 |   0.0 |   128
               +---------+---------+-------+---------+---------+-------+---------

Table legend:
 A = Turns spent in this place as a percentage of turns spent in the entire game.
 B = Non-inter-level travel turns spent in this place as a percentage of non-inter-level travel turns spent in the entire game.
 C = Inter-level travel turns spent in this place as a percentage of turns spent in this place.
 D = Turns resting spent in this place as a percentage of non-inter-level travel turns spent in this place.
 E = Turns spent auto-exploring this place as a percentage of non-inter-level travel turns spent in this place.
 F = Non-inter-level travel turns spent in this place divided by the number of levels of this place that you've seen.
                   A       B       C       D       E      F
               +-------+-------+-------+-------+-------+----------------------
         Total | 100.0 | 100.0 |   4.2 |   0.0 |   0.0 | 183.4
       Dungeon |  91.5 |  95.5 |   0.0 |   0.0 |   0.0 | 194.6
        Temple |   8.5 |   4.5 |  49.1 |   0.0 |   0.0 |  83.0
               +-------+-------+-------+-------+-------+----------------------

Table legend:
 A = Kills in this place as a percentage of kills in entire the game.
 B = Kills by you in this place as a percentage of kills by you in the entire game.
 C = Kills by friends in this place as a percentage of kills by friends in the entire game.
 D = Other kills in this place as a percentage of other kills in the entire game.
 E = Experience gained in this place as a percentage of experience gained in the entire game.
 F = Experience gained in this place divided by the number of levels of this place that you have seen.
                   A       B       C       D       E      F
               +-------+-------+-------+-------+-------+----------------------
         Total | 100.0 | 100.0 |   N/A |   N/A | 100.0 | 386.8
       Dungeon | 100.0 | 100.0 |   N/A |   N/A | 100.0 | 429.8
               +-------+-------+-------+-------+-------+----------------------

Vault maps used:
D:1:      lightli_molten_gateway, minmay_misc_feat_four_crosses,
          minmay_tetromino_o2
D:2:      old_standard_altar
D:4:      temple_fountains, first_bread, solitary_fountain
D:5:      st_stairs_13
D:6:      lemuel_round_altar
D:7:      serial_shops, kennysheep_little_box
D:9:      fiery_altar_vehumet, nicolae_dithmenos_the_darkroom, kennysheep_mini,
          minmay_orc_entry_guard_dogs, hangedman_tell_no_tales
Temple:   minmay_crystal_spiral_temple
